 Dungeon Crawl Stone Soup version 0.23.2-1-ga50397a (webtiles) character file.

Game seed: 11530091004887554978

272 Kahsius the Chopper (level 6, -5/55 HPs)
             Began as a Minotaur Berserker on Apr 25, 2019.
             Was a Priest of Trog.
             Killed by divine providence
             ... invoked by an orc priest
              (12 damage)
             ... on level 4 of the Dungeon.
             The game lasted 00:09:44 (2337 turns).

Kahsius the Chopper (Minotaur Berserker)            Turns: 2337, Time: 00:09:45

Health: -5/55      AC: 11    Str: 21    XL:     6   Next: 2%
Magic:  5/5        EV:  7    Int:  4    God:    Trog [***...]
Gold:   209        SH:  0    Dex: 12    Spells: 5/5 levels left

rFire    + . .     SeeInvis .   a - +0 hand axe
rCold    x . .     Gourm    .   (no shield)
rNeg     . . .     Faith    .   q - +0 plate armour
rPois    .         Spirit   .   (helmet restricted)
rElec    .         Reflect  .   (no cloak)
rCorr    +         Harm     .   (no gloves)
MR       .....                  (no boots)
Stlth    ..........             (no amulet)
HPRegen  0.18/turn              r - ring of fire
MPRegen  0.09/turn              t - ring of resist corrosion

@: berserk cooldown, flying, slowed, very slow
A: retaliatory headbutt, horns 2
a: Berserk, Trog's Hand, Renounce Religion


You were on level 4 of the Dungeon.
You worshipped Trog.
Trog was most pleased with you.
You were near starving.

You visited 1 branch of the dungeon, and saw 4 of its levels.

You collected 209 gold pieces.

Inventory:

Hand Weapons
 a - a +0 hand axe (weapon)
Armour
 q - a +0 plate armour (worn)
Jewellery
 r - a ring of fire (left hand)
 t - a ring of resist corrosion (right hand)
 u - an uncursed ring of magical power
 w - a cursed amulet of inaccuracy
Scrolls
 b - a scroll of noise {unknown}
 i - 2 scrolls of immolation
 k - a scroll of teleportation
 l - a scroll of blinking {unknown}
 m - a scroll of enchant weapon {unknown}
 o - 2 scrolls of magic mapping {unknown}
 p - 2 scrolls of identify
 v - a scroll of remove curse {unknown}
Potions
 e - a potion of degeneration {unknown}
 f - 2 potions of cancellation {unknown}
 g - a potion of resistance {unknown}
 h - 2 potions of haste
 j - a potion of invisibility {unknown}
 n - a potion of brilliance {unknown}
 s - a potion of flight
Comestibles
 c - 5 rations


   Skills:
 + Level 4.9 Fighting
 * Level 5.7 Axes
 + Level 4.0 Armour
 + Level 3.6 Dodging


You had 5 spell levels left.
You didn't know any spells.
Your spell library contained the following spells:

 Spells                   Type           Power        Failure   Level  Hunger
 Animate Skeleton         Necr           N/A          100%        1    ##.....
 Apportation              Tloc           #.....       100%        1    ##.....
 Confusing Touch          Hex            #.....       100%        1    ##.....
 Summon Small Mammal      Summ           #...         100%        1    ##.....


Dungeon Overview and Level Annotations

Branches:
Dungeon (4/15)
 Temple: D:4-7

Altars:
Elyvilon


Innate Abilities, Weirdness & Mutations

You reflexively headbutt those who attack you in melee.
You have a pair of horns on your head.


Message History

You feel agile.
You hit the gnoll but do no damage.
Your skin stops crawling.
You feel less resistant to hostile enchantments.
The gnoll hits you with a +0 halberd.
* * * LOW HITPOINT WARNING * * *
You hit the orc priest.
The orc priest is moderately wounded.
You barely miss the gnoll. The gnoll hits you but does no damage.
The orc priest hits you with a cursed -1 flail.
* * * LOW HITPOINT WARNING * * *
The gnoll hits you with a +0 halberd.
* * * LOW HITPOINT WARNING * * *
Okay, then.
You hit the orc priest.
The orc priest is severely wounded.
You hit the gnoll.
The orc priest calls down the wrath of Beogh upon you.
Beogh smites you!
You die...

.............#.##
.#...............
.##.#.....##...#
#..........##..#
...............##
........).......##
.#...<.(......#..#..
...............go#.###
...............#@#...#.. ......
#.............##........
......#.
##............##...####.
.......#
##...#.......#.....######>......
#######.....#.........##.......
#......#..##......#.......
##.........#..............
###.....##.##.............#
#........#)#...............


You could see an orc priest and a gnoll.

Vanquished Creatures
  An ice beast (D:2)
  A hound skeleton (D:4)
  3 gnolls (D:4)
  4 adders
  3 oozes
  A worm (D:3)
  2 dart slugs
  A leopard gecko (D:3)
  5 orcs
  11 bats
  5 giant cockroaches
  5 goblins
  9 hobgoblins
  2 quokkas (D:3)
  A ball python (D:3)
  6 frilled lizards
  8 kobolds
  8 rats
76 creatures vanquished.

Notes
Turn   | Place    | Note
-------+----------+-------------------------------------------
     0 | D:1      | Kahsius the Minotaur Berserker began the quest for the Orb.
     0 | D:1      | Reached XP level 1. HP: 19/19 MP: 0/0
   149 | D:1      | Reached XP level 2. HP: 22/27 MP: 1/1
   172 | D:1      | Reached skill level 4 in Axes
   515 | D:1      | Reached XP level 3. HP: 32/33 MP: 2/2
   717 | D:2      | Reached ** piety under Trog
   857 | D:2      | Noticed an ice beast
   872 | D:2      | Killed an ice beast
   872 | D:2      | Reached skill level 5 in Axes
   872 | D:2      | Reached XP level 4. HP: 22/41 MP: 3/3
   872 | D:2      | Reached XP level 5. HP: 26/47 MP: 4/4
  1912 | D:3      | Found a white marble altar of Elyvilon.
  1938 | D:3      | Reached *** piety under Trog
  2335 | D:4      | Reached XP level 6. HP: 17/55 MP: 5/5
  2337 | D:4      | Killed from afar by an orc priest

Skill      XL: |  1  2  3  4  5 |
---------------+----------------+-----
Axes           | 4 5 |  5.7
Fighting       | 4 |  4.9
Armour         | 3 4 |  4.0
Dodging        | 3 |  3.6

Action                   |  1- 3 |  4- 6 || total
-------------------------+-------+-------++-------
Melee: Hand axe          |    92 |    93 ||   185
       Headbutt          |     8 |    21 ||    29
Invok: Berserk           |     1 |     1 ||     2
       Trog's Hand       |       |     1 ||     1
  Use: Scroll            |       |     7 ||     7
       Potion            |       |     1 ||     1
 Stab: Sleeping          |     1 |       ||     1
  Eat: Chunk             |       |     5 ||     5
Armor: Animal skin       |     6 |       ||     6
       Ring mail         |    17 |       ||    17
       Scale mail        |     4 |     1 ||     5
       Plate armour      |       |    60 ||    60
Dodge: Dodged            |    47 |    49 ||    96
